 Dungeon Crawl Stone Soup version 0.29-a0-322-g68df515428 (webtiles) character file.

Game seed: 7000504203862587074

49 freelancePsychic the Sneak (level 3, -3/29 HPs)
             Began as a Draconian Wanderer on Apr 6, 2022.
             Slain by a quokka (4 damage)
             ... on level 1 of the Dungeon.
             The game lasted 00:02:12 (1241 turns).

freelancePsychic the Sneak (Draconian Wanderer)     Turns: 1241, Time: 00:02:13

Health: -3/29      AC:  5    Str: 12    XL:     3   Next: 51%
Magic:  3/3        EV: 10    Int: 10    God:
Gold:   36         SH:  5    Dex: 16    Spells: 2/2 levels left

rFire   . . .      SeeInvis .   j - +1 dagger (venom)
rCold   . . .      Faith    .   e - +0 buckler
rNeg    . . .      Spirit   .   (body armour unavailable)
rPois   .          Reflect  .   (helmet restricted)
rElec   .          Harm     .   (no cloak)
rCorr   .          Rampage  .   (no gloves)
Will    .....                   (no boots)
Stlth   +++.......              (no amulet)
HPRegen 0.09/turn               (no ring)
MPRegen 0.08/turn               (no ring)

@: no status effects
A: AC +5, unfitting armour, cold-blooded
a: no special abilities


You were on level 1 of the Dungeon.
You visited 1 branch of the dungeon, and saw 2 of its levels.

You collected 36 gold pieces.

Inventory:

Hand Weapons
 a - a +0 dagger
 d - a +0 hunting sling
 j - a +1 dagger of venom (weapon)
Missiles
 b - an atropa-tipped dart
 c - 2 datura-tipped darts (quivered)
Armour
 e - a +0 buckler (worn)
Jewellery
 n - an amulet of guardian spirit
Scrolls
 g - a scroll of vulnerability {unknown}
 k - a scroll of noise {unknown}
Potions
 f - a potion of brilliance
 h - 2 potions of degeneration {unknown}
 i - a potion of ambrosia {unknown}
 l - a potion of berserk rage {unknown}
 m - a potion of curing {unknown}


   Skills:
 + Level 2.0 Fighting
 * Level 2.0 Short Blades
 - Level 3.0 Slings
 - Level 3.6 Stealth
 - Level 3.0 Shields


You had 2 spell levels left.
You didn't know any spells.
Your spell library was empty.

Dungeon Overview and Level Annotations

Branches:
Dungeon (2/15)

Altars:


Innate Abilities, Weirdness & Mutations

Your plain brown scales are hard. (AC +5)
You cannot fit into any form of body armour.
You are cold-blooded and may be slowed by cold attacks.


Message History

You start resting.
HP restored.
You climb downwards.
There is a stone staircase leading up here.
The gnoll misses you. The gnoll closely misses you.
You hit the gnoll.
The gnoll is poisoned.
The gnoll is lightly wounded.
The gnoll barely misses you.
You hit the gnoll.
The gnoll is heavily wounded.
The gnoll hits you with a +0 halberd. The quokka barely misses you.
The gnoll hits you from afar with a +0 halberd.
There is a stone staircase leading up here.
The quokka bites you but does no damage.
The gnoll hits you from afar with a +0 halberd!
The quokka bites you.
* * * LOW HITPOINT WARNING * * *
The quokka bites you.
* * * LOW HITPOINT WARNING * * *
You block the gnoll's attack. The quokka bites you.
* * * LOW HITPOINT WARNING * * *
You block the quokka's attack.
You climb upwards.
There is a stone staircase leading down here.
You hit the quokka.
The quokka is poisoned.
The quokka is moderately wounded.
The quokka bites you but does no damage.
The quokka bites you.
* * * LOW HITPOINT WARNING * * *
You completely miss the quokka.
The quokka bites you but does no damage.
The quokka barely misses you.
You closely miss the quokka. The quokka closely misses you.
The quokka bites you but does no damage.
You closely miss the quokka. The quokka bites you.
* * * LOW HITPOINT WARNING * * *
The quokka bites you.
You die...

# ##################
...............r@# #######
####'###########r# #......
.##....#...# #.# #.#####
.##....#.#.# #.# #.#...#
..#....#.#.# #.# #.#.#.#
..#........#####.# #.#.#.#
.................# ######.#....
.#.........###########......###.#
.#.....#...'...#)....#.###### #.#


You could see 2 quokkas.

Vanquished Creatures
  A gnoll (D:2)
  2 dart slugs (D:1)
  6 endoplasms (D:1)
  6 goblins (D:1)
  A hobgoblin (D:1)
  2 jackals (D:1)
  A quokka (D:1)
  4 ball pythons (D:1)
  2 bats (D:1)
  3 frilled lizards (D:1)
  3 kobolds (D:1)
  A rat (D:1)
32 creatures vanquished.

Notes
Turn   | Place    | Note
-------+----------+-------------------------------------------
     0 | D:1      | freelancePsychic the Draconian Wanderer began the quest for
                  | the Orb.
     0 | D:1      | freelancePsychic set off with the following items: a +0
                  | dagger, an atropa-tipped dart, 2 datura-tipped darts, a +0
                  | hunting sling, a +0 buckler, a potion of brilliance
     0 | D:1      | Reached XP level 1. HP: 14/14 MP: 1/1
   333 | D:1      | Reached skill level 1 in Fighting
   367 | D:1      | Reached XP level 2. HP: 23/23 MP: 2/2
   641 | D:1      | Reached skill level 1 in Short Blades
   882 | D:1      | Reached XP level 3. HP: 29/29 MP: 3/3
  1241 | D:1      | HP: 1/29 [quokka (2)]
  1241 | D:1      | Slain by a quokka

Illustrated notes

Levels and vault maps discovered:
D:1:      dpeg_arrival_pits, layout_basic
D:2:      layout_basic, hellmonk_ecumenical_altar_dog_temple, dk_noncrumbling_3,
          minivault_4, due_unseen_surprise

Skill      XL: |  1  2  3 |
---------------+----------+-----
Fighting       | 1 2 |  2.0
Slings         | 3 |  3.0
Short Blades   | 1 2 |  2.0
Stealth        | |  3.6
Shields        | |  3.0

Action                   || total
-------------------------++-------
Melee: Dagger            ||    54
       Tailslap          ||     4
 Fire: Hunting sling     ||    24
 Stab: Sleeping          ||    10
Armor: Skin              ||    15
Dodge: Dodged            ||    30
Block: Buckler           ||    11

Table legend: (Time is in decaauts)
 A = Elapsed time spent in this place.
 B = Non-inter-level travel time spent in this place.
 C = Inter-level travel time spent in this place.
 D = Time resting spent in this place.
 E = Time spent auto-exploring this place.
 F = Levels seen in this place.
 G = Mean time per level.
                   A        B        C        D        E       F      G
               +--------+--------+--------+--------+--------+-----+--------+
         Total |   1251 |   1189 |     62 |      8 |    971 |   2 |  625.5 |
       Dungeon |   1251 |   1189 |     62 |      8 |    971 |   2 |  625.5 |
               +--------+--------+--------+--------+--------+-----+--------+

Top non-repeatable levels by time:
     D:1: 1227 daAuts
     D:2: 23 daAuts
